 Dungeon Crawl Stone Soup version 0.30-a0-634-g8abc85282e (webtiles) character file.

Game seed: 2937326768405446704

195 kingofthe the Caller (level 5, -3/35 HPs)
             Began as a Merfolk Summoner on Jan 14, 2023.
             Succumbed to an adder's poison
             ... on level 4 of the Dungeon.
             The game lasted 00:14:03 (3594 turns).

kingofthe the Caller (Merfolk Summoner)             Turns: 3594, Time: 00:14:04

Health: -3/35      AC:  3    Str:  8    XL:     5   Next: 74%
Magic:  16/18      EV: 14    Int: 14    God:
Gold:   185        SH:  0    Dex: 17    Spells: 1/9 levels left

rFire   . . .      SeeInvis .    d - +0 spear
rCold   . . .      Faith    .    (no shield)
rNeg    . . .      Spirit   .    a - +0 robe
rPois   .          Reflect  .    (no helmet)
rElec   .          Harm     .    i - +0 cloak
rCorr   +          Rampage  .    (no gloves)
Will    .....                    (no boots)
Stlth   ++                       (no amulet)
HPRegen 0.25/turn                p - ring of magical power
MPRegen 0.16/turn                u - ring of resist corrosion

@: lethally poisoned (-3 -> -22), flying
A: (nimble swimmer 2), mertail
a: no special abilities


You were on level 4 of the Dungeon.
You visited 1 branch of the dungeon, and saw 4 of its levels.

You collected 185 gold pieces.

Inventory:

Hand Weapons
 c - a +0 sling
 d - a +0 spear (weapon)
Missiles
 h - 41 stones
Armour
 a - a +0 robe (worn)
 i - a +0 cloak (worn)
 q - a +0 leather armour
 z - a +1 pair of gloves
Jewellery
 p - a ring of magical power (left hand)
 u - a ring of resist corrosion (right hand)
Wands
 x - a wand of polymorph (9)
 y - a wand of digging (8)
Scrolls
 e - a scroll of fear {unknown}
 f - 3 scrolls of teleportation {unknown}
 j - 2 scrolls of enchant armour {unknown}
 k - 2 scrolls of identify
 l - a scroll of magic mapping {unknown}
 r - a scroll of noise {unknown}
Potions
 b - 2 potions of magic
 m - a potion of might {unknown}
 n - a potion of haste {unknown}
 o - a potion of mutation {unknown}
 s - a potion of brilliance {unknown}
 t - a potion of degeneration {unknown}
 v - a potion of curing {unknown}
 w - 3 potions of attraction


   Skills:
 + Level 1.3 Polearms
 + Level 4.1 Dodging
 - Level 3.1 Stealth
 + Level 2.9 Spellcasting
 + Level 4.7 Summonings
 + Level 2.1 Poison Magic


You had one spell level left.
You knew the following spells:

 Your Spells              Type           Power      Damage    Failure   Level
a - Summon Small Mammal   Summ           60%        N/A       3%          1
b - Call Canine Familiar  Summ           15%        N/A       10%         3
c - Poisonous Vapours     Pois/Air       10%        N/A       22%         2
z - Call Imp              Summ           15%        N/A       4%          2

Your spell library contained the following spells:

 Spells                   Type           Power      Damage    Failure   Level
 Sting                    Tmut/Pois      20%        1d4       14%         1
 Kiss of Death            Conj/Necr      8%         2d6       22%         1
 Summon Guardian Golem    Hex/Summ       8%         N/A       24%         3
 Confusing Touch          Hex            2%         N/A       54%         3
 Summon Lightning Spire   Summ/Air       8%         N/A       63%         4
 Olgreb's Toxic Radiance  Pois           8%         N/A       65%         4
 Dispel Undead            Necr           2%         3d7       91%         4


Dungeon Overview and Level Annotations

Branches:
Dungeon (4/15)
 Temple: D:4-7

Altars:
Gozag
Yredelemnul
The Shining One


Innate Abilities, Weirdness & Mutations

((You are very nimble when in or above water. (Stealth+, EV+, Speed+++)))
Your lower body shifts to a powerful aquatic tail in water.


Message History

Your shadow imp dies!
Your shadow imp disappears in a puff of smoke!
The scorpion stings you!
Your quokka closely misses the scorpion.
Casting: Summon Small Mammal (safe; 3% risk of failure)
Confirm with . or Enter, or press ? or * to list all spells.
The scorpion misses you.
Your quokka bites the scorpion but does no damage.
You closely miss the adder.
The adder is lightly wounded.
The adder barely misses you. The scorpion stings you.
You are poisoned.
The scorpion poisons you!
Your quokka bites the scorpion but does no damage.
The adder bites you but does no damage.
Your rat bites the scorpion but does no damage.
You are too injured to fight recklessly!
You are too injured to fight recklessly!
You feel very sick.
Your quokka bites the scorpion.
The adder closely misses your quokka.
Your rat barely misses the scorpion.
You feel sick.
Your quokka bites the scorpion but does no damage.
Your rat barely misses the scorpion.
You feel sick.
The scorpion stings you but does no damage.
Your quokka barely misses the scorpion.
Things that are here:
a +0 whip; a gnoll corpse It was a potion of flight.
You feel very buoyant.
You fly up into the air.
You feel sick. The scorpion stings you.
* * * LOW HITPOINT WARNING * * *
You are more poisoned.
The scorpion poisons you! The adder bites you.
* * * LOW HITPOINT WARNING * * *
You are more poisoned.
The adder poisons you!
Your quokka misses the scorpion.
Your rat bites the scorpion but does no damage.
You die...

.....# #...# #...##.....
#.# #..g#.!...K #.#
#...gg..K.s #.#
#.).#(...S. #.# #...#
.gg.. #.# #..K# ...# #.#
#...# ######.#########.#
#...####...@...[........#
+...##..rs).###.#.#######
#...##))rS.####.#..##
#...#..†...##<..##..###
#........##########...#
############### ###.#
............# #.##
#######..##.# #..#
##.##.# ##.####


You could see a scorpion (ally target), an adder, a friendly quokka (summoned)
and a friendly rat (summoned).

Vanquished Creatures
  2 gnolls (D:2)
  An adder (D:4)
  2 dart slugs
  3 bats
  3 endoplasms
  A giant cockroach (D:1)
  2 hobgoblins (D:2)
  2 kobolds (D:3)
  2 quokkas
  A ball python (D:1)
  2 frilled lizards
  2 goblins
  4 rats (D:3)
27 creatures vanquished.

Vanquished Creatures (collateral kills)
  An iguana (D:4)
  4 gnolls
  4 adders
  2 worms
  2 ball pythons
  5 hobgoblins
  4 quokkas
  A bat (D:3)
  2 frilled lizards
  3 goblins
  6 kobolds
  2 rats (D:2)
36 creatures vanquished.

Vanquished Creatures (others)
  3 demonic plants (D:2)
  5 fungi (D:2)
  18 plants (D:2)
  2 withered plants (D:2)
28 creatures vanquished.

Grand Total: 91 creatures vanquished

Notes
Turn   | Place    | Note
-------+----------+-------------------------------------------
     0 | D:1      | kingofthe the Merfolk Summoner began the quest for the Orb.
     0 | D:1      | Reached XP level 1. HP: 13/13 MP: 3/3
   828 | D:2      | Reached XP level 2. HP: 19/19 MP: 3/5
   899 | D:2      | Learned a level 2 spell: Call Imp
   902 | D:2      | Learned a level 2 spell: Poisonous Vapours
  1066 | D:2      | Reached XP level 3. HP: 12/24 MP: 3/6
  1502 | D:2      | Reached skill level 1 in Poison Magic
  1519 | D:2      | Found a faded altar of an unknown god.
  1629 | D:2      | Reached XP level 4. HP: 23/30 MP: 2/7
  2691 | D:3      | Learned a level 3 spell: Call Canine Familiar
  2768 | D:3      | Found an opulent altar of Gozag.
  3019 | D:3      | Reached XP level 5. HP: 30/35 MP: 9/9
  3154 | D:4      | Found a glowing golden altar of the Shining One.
  3165 | D:4      | Found a basalt altar of Yredelemnul.
  3167 | D:4      | Noticed a profane servitor
  3203 | D:4      | Reached skill level 1 in Polearms
  3593 | D:4      | HP: 1/35 [adder (2)]
  3594 | D:4      | Succumbed to an adder's poison

Illustrated notes

Levels and vault maps discovered:
D:1:      dpeg_arrival_rooms_a, layout_basic
D:2:      wad_woods_settlement, layout_basic, shapermc_ecumenical_altar_gd,
          grunt_ministairs_2
D:3:      layout_rooms, mainiacjoe_overflow_boulevard
D:4:      minmay_opposing_rooms, layout_basic, grunt_temple_overflow_holy_war,
          chequers_serial_rivers_marsh, uniq_crazy_yiuf_cottage

Skill      XL: |  1  2  3  4  5 |
---------------+----------------+-----
Dodging        | 3 4 |  4.1
Poison Magic   | 1 2 |  2.1
Stealth        | 3 |  3.1
Polearms       | 1 |  1.3
Spellcasting   | |  2.9
Summonings     | |  4.7

Action                   |  1- 3 |  4- 6 || total
-------------------------+-------+-------++-------
Melee: Spear             |   116 |   130 ||   246
       Unarmed           |     2 |       ||     2
       Tailslap          |       |     3 ||     3
 Cast: Summon Small Mamm |    23 |     4 ||    27
       Call Imp          |    10 |    18 ||    28
       Call Canine Famil |       |     1 ||     1
  Use: Scroll            |       |     1 ||     1
       Potion            |       |     1 ||     1
 Stab: Sleeping          |     3 |     2 ||     5
       Distracted        |     1 |       ||     1
Armor: Robe              |    16 |    24 ||    40
Dodge: Dodged            |    61 |    68 ||   129

Table legend: (Time is in decaauts)
 A = Elapsed time spent in this place.
 B = Non-inter-level travel time spent in this place.
 C = Inter-level travel time spent in this place.
 D = Time resting spent in this place.
 E = Time spent auto-exploring this place.
 F = Levels seen in this place.
 G = Mean time per level.
                   A        B        C        D        E       F      G
               +--------+--------+--------+--------+--------+-----+--------+
         Total |   3613 |   3454 |    159 |    551 |   2176 |   4 |  903.2 |
       Dungeon |   3613 |   3454 |    159 |    551 |   2176 |   4 |  903.2 |
               +--------+--------+--------+--------+--------+-----+--------+

Top non-repeatable levels by time:
     D:2: 1789 daAuts
     D:1: 800 daAuts
     D:3: 565 daAuts
     D:4: 458 daAuts
